 Dungeon Crawl Stone Soup version 0.27.1-3-gb3d3a73c9e (webtiles) character file.

Game seed: 16394185573655099583

580 vatarom the Magician (level 7, 0/49 HPs)
             Began as a Djinni Ice Elementalist on Oct 7, 2021.
             Slain by a phantom (2 damage)
             ... on level 5 of the Dungeon.
             The game lasted 00:11:16 (8283 turns).

vatarom the Magician (Djinni Ice Elementalist)      Turns: 8283, Time: 00:11:17

Health: 0/49       AC:  3    Str:  7 (9)  XL:     7   Next: 63%
Gold:   245        EV: 13    Int: 16 (17) God:
                   SH:  0    Dex: 11 (13)

rFire    + + .     SeeInvis .   j - +0 halberd
rCold    x . .     Faith    .   (shield currently unavailable)
rNeg     . . .     Spirit   .   a - +0 robe
rPois    ∞         Reflect  .   (no helmet)
rElec    .         Harm     .   o - +0 cloak
rCorr    .         Rampage  .   (no gloves)
Will     .....                  (boots unavailable)
Stlth    ++........             (no amulet)
HPRegen  0.16/turn              (no ring)
MPRegen  0.00/turn              (no ring)

@: about to teleport, flying
A: sickness immunity, fire resistance 2, cold vulnerability 1, float, innate
caster, hp casting, extra vitality 1
a: no special abilities


You were on level 5 of the Dungeon.
You visited 1 branch of the dungeon, and saw 5 of its levels.

You collected 245 gold pieces.

Inventory:

Hand Weapons
 g - a +0 spear
 j - a +0 halberd (weapon)
Missiles
 b - 17 poisoned darts
Armour
 a - a +0 robe (worn)
 h - a +2 cloak of willpower
 i - a +0 buckler
 o - a +0 cloak (worn)
 p - a +0 pair of gloves
Magical Staves
 e - a staff of cold
Jewellery
 k - a +6 ring of strength
Scrolls
 c - 2 scrolls of enchant armour
 f - 3 scrolls of amnesia
 m - a scroll of identify {@r1}
 q - a scroll of enchant weapon


   Skills:
 + Level 2.0 Fighting
 + Level 2.2 Polearms
 - Level 4.1 Dodging
 - Level 3.8 Stealth
 * Level 4.5 Spellcasting


You couldn't memorise any spells.
You knew the following spells:

 Your Spells              Type           Power      Damage    Failure   Level
a - Freeze                Ice            72%        1d9       2%          1
b - Frozen Ramparts       Ice            36%        1d5       8%          3
c - Hailstorm             Conj/Ice       18%        3d6       24%         4
d - Summon Small Mammal   Summ           72%        N/A       2%          1
e - Blink                 Tloc           N/A        N/A       3%          2
f - Teleport Other        Tloc           18%        N/A       8%          3
o - Ozocubu's Armour      Ice            18%        N/A       8%          3
Your spell library was empty.

Dungeon Overview and Level Annotations

Branches:
Dungeon (5/15)             Temple (0/1) D:5

Altars:
Wu Jian

Annotations:
D:3 2 transporters, SeagullWaffle's ghost, weakling DEFE


Innate Abilities, Weirdness & Mutations

You are immune to sickness and miasma.
You are immune to poison.
Your flesh is very heat resistant. (rF++)
You are vulnerable to cold. (rC-)
You float through the air rather than walking.
You learn spells naturally, not from books.
Your magical power is your life essence.
You have superior vitality. (+4 HP)


Message History

* * * LOW HITPOINT WARNING * * *
The phantom barely misses you.
Casting: Ozocubu's Armour (dangerous; 8% risk of failure)
Confirm with . or Enter, or press ? or * to list all spells.
Aiming: Freeze (safe; 2% risk of failure)
Press: ? - help, Shift-Dir - straight line, f/p - phantom
Aim: a phantom (heavily damaged)
You freeze the phantom.
The phantom resists.
The phantom is severely damaged.
* * * LOW HITPOINT WARNING * * *
The phantom barely misses you.
Unknown command.
Casting: Freeze (safe; 2% risk of failure)
Confirm with . or Enter, or press ? or * to list all spells.
Casting: Frozen Ramparts (dangerous; 8% risk of failure)
Press: ? - help, Dir - look around, f - activate The walls around you are covered in ice.
* * * LOW HITPOINT WARNING * * *
The phantom completely resists.
The wall freezes the phantom but does no damage.
The phantom hits you but does no damage.
You closely miss the phantom.
The phantom is heavily damaged.
The phantom completely resists.
The wall freezes the phantom but does no damage.
The phantom hits you.
* * * LOW HITPOINT WARNING * * *
You barely miss the phantom.
The phantom is heavily damaged.
The phantom completely resists.
The wall freezes the phantom but does no damage.
The phantom hits you.
* * * LOW HITPOINT WARNING * * *
The phantom blinks!
You blink.
Your icy armour cracks and falls away as you move.
The frozen ramparts melt away as you move.
You aren't carrying any potions.
As you read the scroll of teleportation {@r3}, it crumbles to dust.
You feel strangely unstable. The phantom hits you.
You die...

######.#....##..........# #..#.#b
##.#.....<..##.########## #b#.#b
#.....#....##.# ≈≈.. ###.##
###....###.##.# #..≈## #.##
##.#.###.##.######### #...
#####.......##.........# ####
....####.............:.# ## ....#
####..[.........# #. ....#
##.##W@.....## ###. ....##
#.###...§§#### ##... .....##
#.##.........#####....
......######.##.###..............
....#>.....#.#......####.###.....
(....#####......##### #.........
[....####.§..[...## ####.......
####......##.##...#####..####....
# #########.)#.#........# ##....


You could see a phantom.

Vanquished Creatures
  A necrophage (D:5)
  A scorpion (D:3)
  A gnoll shaman (D:5)
  2 orc priests
  A bullfrog skeleton (D:5)
  An iguana (D:4)
  An orc wizard (D:4)
  A hound skeleton (D:5)
  7 gnolls
  10 adders
  A shadow imp (D:5)
  An ufetubus (D:4)
  2 worms
  2 dart slugs
  9 orcs
  4 ball pythons
  2 bats
  4 endoplasms
  5 giant cockroaches
  8 goblins
  4 hobgoblins
  10 jackals
  3 quokkas
  5 frilled lizards
  3 kobolds
  13 rats
102 creatures vanquished.

Vanquished Creatures (others)
  23 fungi (D:5)
  2 plants (D:1)
25 creatures vanquished.

Grand Total: 127 creatures vanquished

Notes
Turn   | Place    | Note
-------+----------+-------------------------------------------
     0 | D:1      | vatarom the Djinni Ice Elementalist began the quest for the
                  | Orb.
     0 | D:1      | Reached XP level 1. HP: 15/15 MP: 0/0
   223 | D:1      | Reached XP level 2. HP: 18/21 MP: 0/0
  1165 | D:1      | Reached XP level 3. HP: 20/25 MP: 0/0
  1165 | D:1      | Learned a level 1 spell: Summon Small Mammal
  1386 | D:2      | Found a faded altar of an unknown god.
  1689 | D:2      | Reached XP level 4. HP: 18/31 MP: 0/0
  2879 | D:3      | Noticed SeagullWaffle's ghost (weakling DEFE)
  2882 | D:3      | Found a transporter.
  3392 | D:3      | Reached XP level 5. HP: 28/35 MP: 0/0
  3392 | D:3      | Learned a level 2 spell: Blink
  3698 | D:3      | Found an ornate altar of the Wu Jian Council.
  3820 | D:3      | Reached skill level 1 in Polearms
  3820 | D:3      | Reached XP level 6. HP: 12/40 MP: 0/0
  4243 | D:3      | Found a transporter.
  4964 | D:4      | Noticed an orc warrior
  5361 | D:4      | HP: 2/40 [ufetubus (3)]
  6255 | D:5      | Entered Level 5 of the Dungeon
  6424 | D:5      | Reached skill level 1 in Fighting
  6424 | D:5      | Reached XP level 7. HP: 34/47 MP: 0/0
  6424 | D:5      | Learned a level 3 spell: Teleport Other
  7489 | D:5      | Found a staircase to the Ecumenical Temple.
  8282 | D:5      | HP: 2/49 [phantom (3)]
  8283 | D:5      | Slain by a phantom

Illustrated notes

Levels and vault maps discovered:
D:1:      minmay_arrival_semitransparent, layout_loops_ring, serial_forest,
          infiniplex_forest_straight_2, infiniplex_forest_zigzag_1,
          infiniplex_forest_fountain, infiniplex_forest_end_2,
          infiniplex_forest_clump_small, infiniplex_forest_clump_double,
          infiniplex_forest_clump_small, infiniplex_forest_split, st_stairs_2,
          minmay_misc_feat_room, minmay_rat_gold_closets
D:2:      layout_basic, ebering_ecumenical_altar_box
D:3:      layout_loops_corners, gammafunk_ghost_arena, grunt_decor_cap,
          kennysheep_flooded_box, minmay_pentomino_pile
D:4:      layout_gridville, guppyfry_early_orc_mine
D:5:      layout_rooms, minmay_temple_entry_from_below_a, serial_aquarium,
          aquarium_bridge_square [aquarium_subvault_bridge,
          aquarium_subvault_wall, aquarium_subvault_wall,
          aquarium_subvault_balcony], aquarium_bridge_long_separate
          [aquarium_subvault_window, aquarium_subvault_bridge,
          aquarium_subvault_window, aquarium_subvault_bridge,
          aquarium_subvault_window, aquarium_subvault_window],
          aquarium_window_corridor_1, aquarium_window_1, aquarium_window_corner,
          aquarium_window_1, aquarium_view_2d, serial_bayou_pond_e,
          chequers_serial_rivers_micro_c

Skill      XL: |  1  2  3  4  5  6  7 |
---------------+----------------------+-----
Stealth        | 2 3 |  3.8
Dodging        | 3 4 |  4.1
Polearms       | 1 2 |  2.2
Spellcasting   | 4 |  4.5
Fighting       | 1 2 |  2.0

Action                   |  1- 3 |  4- 6 |  7- 9 || total
-------------------------+-------+-------+-------++-------
Melee: Unarmed           |     3 |       |       ||     3
       Short sword       |    14 |       |       ||    14
       Spear             |       |   121 |    40 ||   161
       Halberd           |       |     6 |    14 ||    20
       Staff             |       |       |     8 ||     8
 Cast: Freeze            |    38 |    68 |    13 ||   119
       Frozen Ramparts   |       |     6 |    10 ||    16
       Ozocubu's Armour  |       |     3 |     4 ||     7
       Summon Small Mamm |       |     3 |     3 ||     6
       Blink             |       |     1 |       ||     1
  Use: Scroll            |       |     9 |     3 ||    12
       Potion            |       |     3 |     4 ||     7
 Stab: Sleeping          |     7 |     6 |       ||    13
       Distracted        |       |     1 |       ||     1
Armor: Robe              |     9 |    21 |    13 ||    43
Dodge: Dodged            |    20 |   128 |    41 ||   189
